 Dungeon Crawl Stone Soup version 0.31.0-32-g396128a36d (webtiles) character file.

Game seed: 16045918129996862130

362 0gre the Chiller (level 6, -10/44 HPs)
             Began as a Gnoll Ice Elementalist on Apr 11, 2024.
             Mangled by Pikel
             ... wielding a +0 whip of electrocution
              (16 damage)
             ... on level 5 of the Dungeon.
             The game lasted 00:20:41 (3534 turns).

0gre the Chiller (Gnoll Ice Elementalist)           Turns: 3534, Time: 00:20:41

Health: -10/44     AC:  5    Str:  7    XL:     6   Next: 66%
Magic:  7/14       EV: 14    Int: 14    God:
Gold:   197        SH:  0    Dex: 15    Spells: 8/15 levels left

rFire   + . .        a - +0 falchion
rCold   . . .        (no shield)
rNeg    . . .        c - +0 robe
rPois   .            (no helmet)
rElec   .            (no cloak)
rCorr   .            (no gloves)
SInv    .            r - +2 pair of boots
Will    .....        (no amulet)
Stlth   +++          u - ring of protection from fire
HPRegen 0.27/turn    (no ring)
MPRegen 0.14/turn

%: no passive effects
@: freezing walls
A: fangs 1, strong nose, distributed training
a: no special abilities


You were on level 5 of the Dungeon.
You visited 1 branch of the dungeon, and saw 5 of its levels.

You collected 311 gold pieces.
You spent 114 gold pieces at shops.

Inventory:

Hand Weapons
 a - a +0 falchion (weapon)
 b - a +0 sling
 d - a +2 vampiric short sword
 e - a +0 flail of holy wrath
Missiles
 o - 4 boomerangs
 p - 5 silver javelins (quivered)
Armour
 c - a +0 robe (worn)
 n - a +0 leather armour of cold resistance
 r - a +2 pair of boots (worn)
Jewellery
 u - a ring of protection from fire (left hand)
Wands
 t - a wand of digging (9)
Scrolls
 h - 2 scrolls of enchant weapon {unknown}
 j - 3 scrolls of fear {unknown}
 l - a scroll of teleportation
 q - a scroll of acquirement {unknown}
 v - a scroll of fog {unknown}
 w - a scroll of vulnerability {unknown}
Potions
 f - 2 potions of haste
 g - 2 potions of magic
 i - 2 potions of heal wounds
 k - 2 potions of might {unknown}
 m - a potion of invisibility {unknown}
 s - a potion of berserk rage {unknown}


   Skills:
 + Level 2.1 Fighting
 + Level 2.1 Short Blades
 + Level 2.1 Long Blades
 + Level 2.1 Axes
 + Level 2.1 Maces & Flails
 + Level 2.1 Polearms
 + Level 2.1 Staves
 + Level 2.1 Ranged Weapons
 + Level 2.1 Throwing
 + Level 2.1 Armour
 + Level 5.0 Dodging
 + Level 4.7 Stealth
 + Level 2.1 Shields
 + Level 2.1 Unarmed Combat
 + Level 5.4 Spellcasting
 + Level 1.7 Conjurations
 + Level 1.7 Hexes
 + Level 1.7 Summonings
 + Level 1.7 Necromancy
 + Level 1.7 Translocations
 + Level 1.7 Fire Magic
 + Level 7.3 Ice Magic
 + Level 1.7 Air Magic
 + Level 1.7 Earth Magic
 + Level 1.7 Alchemy
 + Level 2.3 Invocations
 + Level 2.1 Evocations
 + Level 1.9 Shapeshifting


You had 8 spell levels left.
You knew the following spells:

 Your Spells              Type           Power      Damage    Failure   Level
a - Freeze                Ice            96%        1d10      1%          1
b - Frozen Ramparts       Ice            48%        1d8       2%          3
c - Summon Ice Beast      Ice/Summ       16%        N/A       8%          3

Your spell library contained the following spells:

 Spells                   Type           Power      Damage    Failure   Level
 Ozocubu's Armour         Ice            24%        N/A       2%          3
 Foxfire                  Conj/Fire      32%        2x1d5     9%          1
 Cigotuvi's Dreadful Rot  Necr/Alch/Air  16%        N/A       12%         2
 Dispel Undead            Necr           8%         3d8       63%         4
 Martyr's Knell           Necr/Summ      8%         N/A       63%         4
 Death Channel            Necr           4%         N/A       100%        6
 Plasma Beam              Fire/Air       4%         2x1d14    100%        6
 Starburst                Conj/Fire      4%         6d3       100%        6


Dungeon Overview and Level Annotations

Branches:
Dungeon (5/15)
 Temple: D:4-7

Altars:
Hepliaklqana
Nemelex Xobeh
Ru

Shops:
D:1 =?=*:   D:2 =   D:4 [

Annotations:
D:5 Pikel


Innate Abilities, Weirdness & Mutations

You have very sharp teeth.
Your uncanny sense of smell can sniff out nearby items.
Your experience applies equally to all skills.


Message History

A lemure comes into view.
Your ice beast hits the lemure but does no damage.
The wall freezes Pikel.
Pikel hits you with a +0 whip of electrocution!
The lemure misses you.
The wall freezes the lemure.
The lemure closely misses you. What are your orders? t - Bark!
Orders for allies: a - Attack new target. r - Retreat! s - Stop attacking. g - Guard the area. f - Follow me.
Anything else - Cancel.
Gang up on whom?
Press: ? - help, Dir - move target, f - Pikel
Aim: Pikel, wielding a +0 whip of electrocution and wearing a +0 robe (severely wounded) Attack!
The wall freezes the lemure.
Your ice beast hits Pikel but does no damage.
The wall freezes Pikel.
Pikel hits you with a +0 whip of electrocution.
The lemure hits you.
The wall freezes the lemure.
You kill the lemure!
That felt strangely unrewarding.
You closely miss Pikel.
Pikel is severely wounded.
The lemure hits you.
The wall freezes the lemure.
Your ice beast hits Pikel but does no damage.
The wall freezes Pikel but does no damage.
Pikel misses you.
You hit Pikel but do no damage.
Pikel is severely wounded.
The lemure hits you.
* * * LOW HITPOINT WARNING * * *
The wall freezes the lemure.
The wall freezes the lemure but does no damage.
Your ice beast barely misses Pikel.
The wall freezes Pikel.
Pikel hits you with a +0 whip of electrocution!
* * * LOW HITPOINT WARNING * * *
You are electrocuted!
You die...
Pikel says, "See you in Hell!"

#........# #.......#
#......)# #.#.....# .
##########.......####.K5.
........#...........5.5..
.........)....Y#5####....
.###.........5.K5# .
#.###......@###
#..........##
#.#####.<).# ##.#.# #.#.#
#.... ....## #.... ####.#


You could see Pikel (ally target), 3 lemures and a friendly ice beast
(summoned).

Vanquished Creatures
  A lemure (D:5)
  A scorpion (D:4)
  A howler monkey (D:4)
  An orc priest (D:3)
  2 hounds (D:4)
  An orc wizard (D:3)
  5 adders
  5 dart slugs
  2 ribbon worms
  9 orcs
  8 ball pythons
  4 bats
  12 endoplasms
  4 giant cockroaches
  11 hobgoblins
  5 jackals
  4 quokkas
  A frilled lizard (D:3)
  4 goblins
  5 kobolds
  2 rats
88 creatures vanquished.

Notes
Turn   | Place    | Note
-------+----------+-------------------------------------------
     0 | D:1      | 0gre the Gnoll Ice Elementalist began the quest for the
                  | Orb.
     0 | D:1      | Reached XP level 1. HP: 13/13 MP: 6/6
   130 | D:1      | Reached XP level 2. HP: 16/19 MP: 5/7
   188 | D:1      | Found Gyngoruz's Book Boutique.
   295 | D:1      | Found Faykh's General Store.
   389 | D:1      | Reached skill level 5 in Spellcasting
   389 | D:1      | Reached XP level 3. HP: 25/25 MP: 7/9
   393 | D:1      | Learned a level 3 spell: Frozen Ramparts
   443 | D:1      | Found Vubaech's Jewellery Emporium.
   536 | D:1      | Found Maujorr's Magic Scroll Boutique.
   537 | D:1      | Found Xopt's Jewellery Boutique.
   634 | D:1      | Found a faded altar of an unknown god.
   767 | D:1      | Bought a +0 sling for 21 gold pieces
   829 | D:2      | Found Jogot's Jewellery Boutique.
   867 | D:2      | Reached skill level 1 in Invocations
   986 | D:1      | Bought a scroll of identify for 26 gold pieces
  1365 | D:1      | Bought a scroll of identify for 28 gold pieces
  1649 | D:2      | Reached skill level 1 in Fighting
  1649 | D:2      | Reached skill level 1 in Short Blades
  1649 | D:2      | Reached skill level 1 in Long Blades
  1649 | D:2      | Reached skill level 1 in Axes
  1649 | D:2      | Reached skill level 1 in Maces & Flails
  1649 | D:2      | Reached skill level 1 in Polearms
  1649 | D:2      | Reached skill level 1 in Staves
  1649 | D:2      | Reached skill level 1 in Ranged Weapons
  1649 | D:2      | Reached skill level 1 in Throwing
  1649 | D:2      | Reached skill level 1 in Armour
  1649 | D:2      | Reached skill level 1 in Shields
  1649 | D:2      | Reached skill level 1 in Unarmed Combat
  1649 | D:2      | Reached skill level 1 in Evocations
  1887 | D:1      | Bought a scroll of teleportation for 39 gold pieces
  1953 | D:3      | Reached skill level 1 in Conjurations
  1953 | D:3      | Reached skill level 1 in Hexes
  1953 | D:3      | Reached skill level 1 in Summonings
  1953 | D:3      | Reached skill level 1 in Necromancy
  1953 | D:3      | Reached skill level 1 in Translocations
  1953 | D:3      | Reached skill level 1 in Fire Magic
  1953 | D:3      | Reached skill level 1 in Air Magic
  1953 | D:3      | Reached skill level 1 in Earth Magic
  1953 | D:3      | Reached skill level 1 in Alchemy
  1953 | D:3      | Reached skill level 1 in Shapeshifting
  1953 | D:3      | Reached XP level 4. HP: 21/32 MP: 4/11
  1978 | D:3      | Reached XP level 5. HP: 26/37 MP: 1/12
  2186 | D:3      | Found a sparkling altar of Nemelex Xobeh.
  2496 | D:3      | Found a hazy altar of Hepliaklqana.
  2525 | D:3      | Learned a level 3 spell: Summon Ice Beast
  2676 | D:4      | Reached XP level 6. HP: 41/44 MP: 10/14
  2810 | D:4      | Reached skill level 5 in Dodging
  2825 | D:4      | Found Onuux's Antique Armour Shoppe.
  3218 | D:4      | Found a sacrificial altar of Ru.
  3438 | D:5      | Entered Level 5 of the Dungeon
  3517 | D:5      | Noticed Pikel
  3534 | D:5      | Mangled by Pikel

Illustrated notes

Levels and vault maps discovered:
D:1:      dpeg_arrival_simpleton_a, layout_basic, serial_shops, shop,
          nicolae_shop_statue_plus, nicolae_shop_waterfront,
          nicolae_shop_temple_entry_statues_fountains, shop,
          shapermc_ecumenical_altar_hornbeckon
D:2:      layout_loops_ring, serial_shops, shop
D:3:      layout_rooms, nemelex_dance_club_becter, mainiacjoe_overflow_alcove_2,
          minmay_misc_feat_plants
D:4:      layout_basic, mainiacjoe_overflow_alcove_4, serial_shops, shop
D:5:      layout_loops_ring, lemuel_round_altar, minitemple,
          gammafunk_ghost_smash, nicolae_shop_clearance, uniq_eustachio,
          uniq_pikel, uniq_menkaure, uniq_crazy_yiuf_cottage

Skill      XL: |  1  2  3  4  5  6 |
---------------+-------------------+-----
Spellcasting   | 5 |  5.4
Invocations    | 1 2 |  2.3
Fighting       | 1 2 |  2.1
Short Blades   | 1 2 |  2.1
Long Blades    | 1 2 |  2.1
Axes           | 1 2 |  2.1
Maces & Flails | 1 2 |  2.1
Polearms       | 1 2 |  2.1
Staves         | 1 2 |  2.1
Ranged Weapons | 1 2 |  2.1
Throwing       | 1 2 |  2.1
Armour         | 1 2 |  2.1
Shields        | 1 2 |  2.1
Unarmed Combat | 1 2 |  2.1
Evocations     | 1 2 |  2.1
Conjurations   | 1 |  1.7
Hexes          | 1 |  1.7
Summonings     | 1 |  1.7
Necromancy     | 1 |  1.7
Translocations | 1 |  1.7
Fire Magic     | 1 |  1.7
Air Magic      | 1 |  1.7
Earth Magic    | 1 |  1.7
Alchemy        | 1 |  1.7
Shapeshifting  | 1 |  1.9
Dodging        | 5 |  5.0
Stealth        | |  4.7
Ice Magic      | |  7.3

Action                     |  1- 3 |  4- 6 || total
---------------------------+-------+-------++-------
  Melee: Unarmed           |     3 |       ||     3
         Short sword       |    46 |     9 ||    55
         Bite              |     1 |     2 ||     3
         Punch             |     1 |     1 ||     2
         Falchion          |    10 |    55 ||    65
   Fire: Sling             |    28 |    72 ||   100
   Cast: Freeze            |    11 |       ||    11
         Frozen Ramparts   |     4 |    13 ||    17
         Summon Ice Beast  |       |     1 ||     1
    Use: Scroll            |     2 |       ||     2
   Stab: Sleeping          |     8 |     2 ||    10
 Armour: Robe              |    36 |    44 ||    80
  Dodge: Dodged            |    44 |    53 ||    97
